Unix NetHack Version 3.7.0-89 Work-in-progress - last build Sep 24 2023 19:26:52 (48e034876007844a536bf88644040a71d2893410,branch:master). Game began 2023-10-01 07:54:46, ended 2023-10-01 14:50:45. spontiff, neutral male gnomish Healer ---------- ----------- |[.......| |.........| |........| |....{....| ---------- |........| |..........# .......... |?.......| |.........|# ------------ ...........| |........| |{....<....# ##...{.......| ###-....$.......| -|-------- -------.---# # |..........| ## ------------- ### # ####+..........| #dd ## # # -.--.------- #@ # ##### # ### : # # #### # ## ## # # # # ## --|-- ############# ## # # |....####### --|-------- # # # # |...| #########..........| ######-.--|-### |....##### |.....>...-##### |....|# ----- ######..........| ###-....|# |.........| |.....# ----------- ------ Spontiff the Rhizotomist St:10 Dx:8 Co:17 In:9 Wi:14 Ch:17 Neutral S:450 Dlvl:2 $:0 HP:0(29) Pw:7(7) AC:-1 Xp:1/0 T:5650 Latest messages: What do you want to wear? [q or ?*] q You are now wearing a robe. What do you want to zap? [GJOY or ?*] Never mind. What do you want to adjust? [acdghj-ln-uw-zA-EGHJ-ORTV-Z or ?*] G Adjust letter to what [befimvFGIPQSU] (? see used letters)? P Moving: P - a cursed wand of polymorph. What do you want to zap? [JOPY or ?*] P In what direction? k The shocking sphere turns into a genetic engineer! You descend the stairs. You climb up the stairs. Where do you want to travel to? (For instructions type a '?') You see here 9 arrows. b - 9 arrows. What do you want to use or apply? [kostwxHJN-PY or ?*] s In what direction? l You hear nothing special. What do you want to use or apply? [kostwxHJN-PY or ?*] s In what direction? k You hear nothing special. What do you want to use or apply? [kostwxHJN-PY or ?*] s In what direction? h You hear nothing special. The door resists! The door opens. You swap places with your genetic engineer. The genetic engineer hits the newt. The newt is killed! What do you want to use or apply? [kostwxHJN-PY or ?*] s In what direction? l Status of the genetic engineer (neutral, medium): Level 11 HP 57(58) AC 3, tame. The genetic engineer misses the fox. The genetic engineer hits the jackal. The jackal is killed! The genetic engineer hits the jackal. The jackal undergoes a freakish metamorphosis and turns into a warg. The genetic engineer vanishes! You already found a monster. Use 'm' prefix to force another search. The warg bites! The warg bites! The newt misses! You begin bashing monsters with your gloved hands. You hit the newt. The newt bites! The warg bites! You die... Do you want your possessions identified? [ynq] (y) y Do you want to see the dungeon overview? [ynq] (y) q Inventory: Weapons b - 9 uncursed +0 arrows W - an uncursed +0 dart Armor h - an uncursed +1 helmet (being worn) g - an uncursed +1 pair of leather gloves (being worn) q - an uncursed +0 robe (being worn) Comestibles y - 3 uncursed apples c - an uncursed carrot n - 8 uncursed food rations p - an uncursed tripe ration Scrolls E - a cursed scroll of amnesia d - a cursed scroll of charging V - a blessed scroll of confuse monster r - a blessed scroll of create monster a - an uncursed scroll of destroy armor j - a cursed scroll of enchant weapon T - a blessed scroll of magic mapping Z - an uncursed scroll of scare monster Spellbooks H - an uncursed spellbook of blank paper N - an uncursed spellbook of slow monster Potions l - a cursed potion of booze u - an uncursed potion of enlightenment C - an uncursed potion of extra healing K - 2 uncursed potions of fruit juice X - a cursed potion of fruit juice M - an uncursed potion of gain ability D - an uncursed potion of object detection z - an uncursed potion of paralysis Rings B - a cursed ring of hunger A - a cursed ring of levitation R - an uncursed ring of protection from shape changers L - an uncursed ring of warning Wands O - an uncursed wand of nothing (0:15) P - a cursed wand of polymorph (0:2) J - an uncursed wand of speed monster (0:8) Y - an uncursed wand of teleportation (0:5) Tools k - an uncursed credit card w - an uncursed mirror x - an uncursed oil lamp s - an uncursed stethoscope o - an uncursed tin whistle t - an uncursed towel Spontiff the Healer's attributes: Background: You were a Rhizotomist, a level 1 male gnomish Healer. You were neutral, on a mission for Hermes who was opposed by Athena (lawful) and Poseidon (chaotic). You were in the Dungeons of Doom, on level 2. You entered the dungeon 5650 turns ago. There was a full moon in effect when your adventure ended. You had 0 experience points, 20 were needed to attain level 2. Your score was 450 before end-of-game adjustments. Basics: You had 0 out of 29 hit points. You had all 7 energy points (spell power). Your armor class was -1. Your wallet was empty. Autopickup was on for '$!/="?' plus thrown, with exceptions. Final Characteristics: Your strength was 10 (limit:18/50). Your dexterity was 8 (limit:18). Your constitution was 17 (limit:18). Your intelligence was 9 (limit:19). Your wisdom was 14 (peak:15, limit:18). Your charisma was 17 (limit:18). Final Status: You were not hungry. You were unencumbered. You were empty handed. You were unskilled in bare handed combat. Final Attributes: You were devoutly aligned. You were poison resistant. You had infravision. You had a small defense bonus (+5). You were guarded. You were lucky. You are dead. Miscellaneous: You encountered 1 bones level. Total elapsed playing time was 2 hours, 13 minutes and 28 seconds. Major events: Turn 1: spontiff the neutral male gnomish Healer entered the dungeon 1497: entered the Gnomish Mines 2708: reached Mine Town 5650: killed by a warg Vanquished creatures: a ghost a large mimic a small mimic 2 watchmen a leprechaun a gnome ruler a jaguar an imp 3 mountain nymphs an Uruk-hai 2 rock piercers a yellow light a shrieker 3 gnome leaders a kobold mummy a gray ooze 2 giant ants a little dog a dwarf a homunculus a kobold leader 2 hill orcs a rothe a giant bat 5 monkeys 3 orc zombies a dwarf zombie a wererat 3 iguanas 4 acid blobs 4 coyotes 2 hobbits 15 gnomes 3 gnome zombies a gecko 12 jackals a fox a kobold 2 goblins a sewer rat 9 grid bugs 2 bats 6 lichens 2 kobold zombies 16 newts 126 creatures vanquished. No species were genocided or became extinct. Voluntary challenges: You never hit with a wielded weapon. You were a pacifist. You read items or engraved 3 times. You never engraved Elbereth. You never genocided any monsters. You never polymorphed an object. You used no wishes. Achievements: You entered a shop. You entered the Gnomish Mines. You entered Minetown. You entered a temple. The Dungeons of Doom: levels 1 to 5 Level 1: Level 2: <- You were here. A general store, some fountains, a sink. Final resting place for you, killed by a warg. Level 3: Level 4: Stairs down to The Gnomish Mines. Level 5: The Gnomish Mines: levels 5 to 10 Level 5: "magic trap" Level 6: A grave. Final resting place for elky-Val-Dwa-Fem-Law, killed by an orcish arrow. Level 7: Level 8: Some shops, a temple, some fountains. Level 9: Level 10: Game over: ---------- / \ / REST \ / IN \ / PEACE \ / \ | spontiff | | 0 Au | | killed by a warg | | | | | | | | 2023 | *| * * * | * _________)/\\_//(\/(/\)/\//\/|_)_______ Goodbye spontiff the Healer... You died in The Dungeons of Doom on dungeon level 2 with 450 points, and 0 pieces of gold, after 5650 moves. You were level 1 with a maximum of 29 hit points when you died.